 Dungeon Crawl Stone Soup version 0.32-a0-814-g0968bab981 (webtiles) character file.

Game seed: 11975639522683519153

199 smashvw the Trooper (level 5, -12/47 HPs)
             Began as a Mountain Dwarf Fighter on Mar 22, 2024.
             Mangled by Blork the orc
             ... wielding a +0 glaive
              (13 damage)
             ... on level 4 of the Dungeon.
             The game lasted 00:05:55 (3105 turns).

smashvw the Trooper (Mountain Dwarf Fighter)        Turns: 3105, Time: 00:05:55

Health: -12/47     AC: 12    Str: 18    XL:     5   Next: 48%
Magic:  5/5        EV:  6    Int:  9    God:
Gold:   96         SH:  4    Dex: 11    Spells: 4/4 levels left

rFire   . . .        a - +0 trident
rCold   . . .        c - +0 buckler
rNeg    . . .        p - +0 chain mail
rPois   .            (no helmet)
rElec   .            (no cloak)
rCorr   .            s - +2 pair of gloves
SInv    .            (no boots)
Will    .....        (no amulet) Stlth
                     (no ring)
HPRegen 0.27/turn    (no ring)
MPRegen 0.09/turn

%: no passive effects
@: no status effects
A: runic magic, artefact enchanting
a: no special abilities


You were on level 4 of the Dungeon.
You visited 1 branch of the dungeon, and saw 4 of its levels.

You collected 96 gold pieces.

Inventory:

Hand Weapons
 a - a +0 trident (weapon)
 h - a +3 dagger of speed
Armour
 c - a +0 buckler (worn)
 p - a +0 chain mail (worn)
 s - a +2 pair of gloves (worn)
Jewellery
 n - a ring of positive energy
 v - a ring of protection from fire
Wands
 u - a wand of polymorph (6)
Scrolls
 b - a scroll of identify {unknown}
 e - a scroll of noise {unknown}
 f - a scroll of summoning {unknown}
 g - a scroll of blinking {unknown}
 j - a scroll of amnesia {unknown}
 k - a scroll of fog {unknown}
 l - a scroll of fear {unknown}
 m - 3 scrolls of teleportation {unknown}
 o - a scroll of poison {unknown}
Potions
 d - 2 potions of might
 i - 3 potions of curing {unknown}
 q - a potion of degeneration {unknown}
 r - a potion of heal wounds {unknown}
 t - a potion of invisibility {unknown}


   Skills:
 + Level 4.8 Fighting
 + Level 3.7 Polearms
 - Level 3.2 Armour
 + Level 4.7 Shields


You had 4 spell levels left.
You didn't know any spells.
Your spell library was empty.

Dungeon Overview and Level Annotations

Branches:
Dungeon (4/15)
 Temple: D:4-7

Altars:

Annotations:
D:3 1 runed translucent door, Crazy Yiuf
D:4 Blork the orc


Innate Abilities, Weirdness & Mutations

Your spellcasting is much less encumbered by armour.
You can use scrolls of enchantment on lesser artefacts.


Message History

Blork the orc hits you from afar with a +0 glaive!
Blork the orc casts a spell at you. The puff of frost hits you.
You reach to attack!
You puncture Blork the orc!
Blork the orc is moderately wounded.
Blork the orc hits you but does no damage.
Blork the orc casts a spell at you. The magic dart hits you.
You reach to attack!
You closely miss Blork the orc.
Blork the orc is moderately wounded.
Blork the orc screams, "Let me show you how many colours things can be!"
Blork the orc points at you and mumbles some strange words.
The puff of frost hits you! You block Blork the orc's attack.
You are too injured to fight recklessly!
You are too injured to fight recklessly!
You are too injured to fight recklessly!
You puncture the phantom!
The phantom is moderately damaged.
Blork the orc hits you from afar with a +0 glaive!
* * * LOW HITPOINT WARNING * * *
The phantom hits you but does no damage.
You hit the phantom.
The phantom is moderately damaged.
Blork the orc hits you but does no damage.
The phantom hits you but does no damage.
Blork the orc hits you from afar with a +0 glaive.
* * * LOW HITPOINT WARNING * * *
You closely miss the phantom.
The phantom is moderately damaged.
Blork the orc hits you but does no damage.
The phantom barely misses you.
Blork the orc hits you but does no damage.
The phantom completely misses you.
You miss the phantom.
The phantom is moderately damaged.
You block Blork the orc's attack.
The phantom hits you but does no damage.
Blork the orc hits you from afar with a +0 glaive!
You die...
Blork the orc shouts, "I believe in me!"

.# #.
##.### #.
##....##.
.....#.
..>.. .o.
#W# #@#
#.# #.#
#.# #.#
#.# #.##
#<.##
#.†.#


You could see Blork the orc (fast) and a phantom.

Vanquished Creatures
  An orc priest (D:3)
  A sleepcap (D:3)
  Ijyb (D:3)
  2 adders (D:2)
  A gnoll (D:3)
  3 dart slugs (D:1)
  3 ribbon worms
  3 orcs (D:3)
  3 ball pythons
  7 endoplasms
  4 giant cockroaches
  7 goblins
  8 hobgoblins
  4 jackals
  2 quokkas
  8 bats
  6 frilled lizards
  4 kobolds
  6 rats
74 creatures vanquished.

Notes
Turn   | Place    | Note
-------+----------+-------------------------------------------
     0 | D:1      | smashvw the Mountain Dwarf Fighter began the quest for the
                  | Orb.
     0 | D:1      | Reached XP level 1. HP: 19/19 MP: 1/1
   194 | D:1      | Reached XP level 2. HP: 24/26 MP: 2/2
   744 | D:2      | Reached XP level 3. HP: 33/33 MP: 3/3
  1063 | D:2      | Found a faded altar of an unknown god.
  1220 | D:2      | Reached XP level 4. HP: 40/40 MP: 4/4
  2391 | D:3      | Found a runed translucent door.
  2392 | D:3      | Noticed Crazy Yiuf
  2498 | D:3      | Reached XP level 5. HP: 11/47 MP: 5/5
  2677 | D:3      | Noticed Ijyb
  2726 | D:3      | Killed Ijyb
  3093 | D:4      | Noticed Blork the orc
  3096 | D:4      | Noticed a phantom
  3102 | D:4      | HP: 2/47 [Blork the orc/+0 glaive (14)]
  3105 | D:4      | Mangled by Blork the orc

Illustrated notes

Levels and vault maps discovered:
D:1:      dpeg_arrival_orchard, layout_basic, serial_bayou, serial_bayou_lake_a,
          serial_bayou_pond_e, serial_bayou_lagoon_a, serial_bayou_crossing
D:2:      layout_loops_corners, basic_ecumenical_altar, nrook_campfire,
          st_stairs_4
D:3:      minmay_recursive_quarters, layout_basic, uniq_crazy_yiuf_cottage,
          uniq_ijyb
D:4:      layout_loops_ring, overflow_temple_1_default,
          minmay_temple_entry_offerings, nicolae_ossuary_entry_catacombs,
          uniq_blork_the_orc

Skill      XL: |  1  2  3  4 |
---------------+-------------+-----
Fighting       | 4 |  4.8
Shields        | 4 |  4.7
Polearms       | 3 |  3.7
Armour         | |  3.2

Action                     |  1- 3 |  4- 6 || total
---------------------------+-------+-------++-------
  Melee: Trident           |   152 |   155 ||   307
         Unarmed           |       |    24 ||    24
 Armour: Scale mail        |    79 |    10 ||    89
         Chain mail        |       |   115 ||   115
         Skin              |       |    21 ||    21
  Dodge: Dodged            |    52 |    65 ||   117
  Block: Buckler           |    34 |    34 ||    68

Table legend: (Time is in decaauts)
 A = Elapsed time spent in this place.
 B = Non-inter-level travel time spent in this place.
 C = Inter-level travel time spent in this place.
 D = Time resting spent in this place.
 E = Time spent auto-exploring this place.
 F = Levels seen in this place.
 G = Mean time per level.
                   A        B        C        D        E       F      G
               +--------+--------+--------+--------+--------+-----+--------+
         Total |   3212 |   3143 |     69 |      0 |   2494 |   4 |  803.0 |
       Dungeon |   3212 |   3143 |     69 |      0 |   2494 |   4 |  803.0 |
               +--------+--------+--------+--------+--------+-----+--------+

Top non-repeatable levels by time:
     D:3: 1403 daAuts
     D:2: 963 daAuts
     D:1: 807 daAuts
     D:4: 37 daAuts
